cohdb
Replays
Latest Replays
All Replays
Popular Replays
Top Player Replays
Match Explorer
How It Works
Community
CoH3 Stats
Reddit
Sign in to upload your games and track your stats! →
Sign in with Steam
Match 42983533
Unlisted
Match 42983533
Overview
Messages
Build Orders
End
Kettenkrad Recon Vehicle
Kettenkrad Recon Vehicle
Construct Infanterie Kompanie
MG 42 Machine Gun Team
Selects Terror Battlegroup
Selects Machine Gun Camouflage
Selects Contempt for the Weak
Selects Contempt for the Weak
Construct Panzergrenadier Kompanie
Infanterie Officer Quarters
GrW 34 Mortar Team
Panzergrenadier Squad
Medical Station
Panzergrenadier Squad
251 Medium Carrier
Cn1soldier
帅气的showtime
마돌체는사랑입니다
怀恋过去
tubagznyven
Marteen Sultans presidente
Bengek323
Ozrealix
0
0
Comments
sign in to comment!
No comments posted yet!